 Dungeon Crawl Stone Soup version 0.30-a0-122-g2a1322497e (webtiles) character file.

Game seed: 1728744923860787346

1255 Pilot the Sneak (level 8, -2/40 HPs)
             Began as a Spriggan Artificer on Sept 16, 2022.
             Killed from afar by an electric eel (11 damage)
             ... with a bolt of electricity
             ... on level 6 of the Dungeon.
             The game lasted 00:39:29 (5497 turns).

Pilot the Sneak (Spriggan Artificer)                Turns: 5497, Time: 00:39:30

Health: -2/40      AC:  6    Str:  8    XL:     8   Next: 26%
Magic:  15/15      EV: 19    Int: 13    God:
Gold:   308        SH:  5    Dex: 17    Spells: 15/15 levels left

rFire   . . .      SeeInvis +    g - +2 short sword (drain)
rCold   . . .      Faith    .    (no shield)
rNeg    . . .      Spirit   .    b - +0 robe
rPois   .          Reflect  +    (helmet restricted)
rElec   .          Harm     .    (no cloak)
rCorr   .          Rampage  .    (gloves unavailable)
Will    +....                    (boots unavailable)
Stlth   ++++......               v - amulet of reflection
HPRegen 0.13/turn                w - +4 ring of protection
MPRegen 0.14/turn                (no ring)

@: very quick
A: very small, no large weapons, unfitting armour, see invisible, speed 3
a: no special abilities


You were on level 6 of the Dungeon.
You visited 1 branch of the dungeon, and saw 6 of its levels.

You collected 308 gold pieces.

Inventory:

Hand Weapons
 a - a +0 club
 g - a +2 short sword of draining (weapon)
 l - a +2 vorpal spear
 L - a +2 trident of venom
Missiles
 f - 14 stones (quivered)
 A - 4 poisoned darts
Armour
 b - a +0 robe (worn)
 i - a +0 robe
Magical Staves
 p - a staff of earth
 C - a staff of death
 N - a staff of poison
Jewellery
 q - an amulet of guardian spirit
 v - an amulet of reflection (around neck)
 w - a +4 ring of protection (left hand)
Wands
 c - a wand of flame (7)
 d - a wand of charming (7)
 e - a wand of iceblast (3)
 y - a wand of roots (8)
 G - a wand of digging (6)
Scrolls
 h - 4 scrolls of identify
 n - 2 scrolls of torment
 r - 2 scrolls of amnesia
 u - a scroll of immolation {unknown}
 z - 2 scrolls of noise {unknown}
 D - 5 scrolls of vulnerability
 E - 3 scrolls of blinking {unknown}
 K - a scroll of magic mapping {unknown}
 M - a scroll of teleportation {unknown}
Potions
 j - a potion of resistance {unknown}
 k - 2 potions of haste {unknown}
 m - a potion of flight {unknown}
 o - 2 potions of berserk rage {unknown}
 s - a potion of might {unknown}
 t - 3 potions of heal wounds {unknown}
 x - 2 potions of lignification {unknown}
 B - a potion of cancellation {unknown}
 F - a potion of ambrosia {unknown}
 H - a potion of brilliance {unknown}
 I - 3 potions of curing {unknown}
 J - a potion of attraction {unknown}


   Skills:
 + Level 3.2 Fighting
 + Level 3.7 Short Blades
 + Level 3.2 Throwing
 - Level 5.1 Dodging
 * Level 6.8 Stealth
 + Level 4.1 Spellcasting
 + Level 6.5 Evocations


You had 15 spell levels left.
You didn't know any spells.
Your spell library contained the following spells:

 Spells                   Type           Power      Damage    Failure   Level
 Apportation              Tloc           4%         N/A       21%         1
 Freeze                   Ice            8%         1d3       21%         1
 Necrotise                Necr           8%         1d4       21%         1
 Summon Small Mammal      Summ           8%         N/A       21%         1
 Dazzling Flash           Conj/Hex       4%         N/A       52%         3
 Frozen Ramparts          Ice            4%         1d1       52%         3
 Hailstorm                Conj/Ice       2%         3d3       90%         4
 Iskenderun's Mystic Bla  Conj/Tloc      2%         2d3       90%         4
 Starburst                Conj/Fire      1%         6d3       100%        6


Dungeon Overview and Level Annotations

Branches:
Dungeon (6/15)
 Temple: D:4-7

Altars:
Ashenzari
Fedhas
Makhleb
Vehumet
Yredelemnul
The Shining One

Annotations:
D:6 Prince Ribbit


Innate Abilities, Weirdness & Mutations

You are very small and have problems with some larger weapons.
You are too small for most types of armour.
You have supernaturally acute eyesight. (SInv)
You cover ground extremely quickly. (Speed+++)


Message History

The black bear closely misses you. The black bear claws you.
* * * LOW HITPOINT WARNING * * *
Throw: 14 stones
Press: ? - help, Q - select action, (/) - cycle Shift-Dir - straight line, p - orc warrior
Okay, then.
Aiming: Charm
Press: ? - help, Shift-Dir - straight line, f - black bear, p - orc warrior
Aim: a black bear (chance to affect: 64%)
The black bear struggles to resist.
Your orc warrior barely misses the iguana.
The iguana closely misses you. The black bear barely misses you.
The black bear closely misses you. You block the black bear's attack.
Aiming: Charm
Press: ? - help, Shift-Dir - straight line, f/p - black bear
Aim: a black bear (chance to affect: 64%)
The black bear is charmed.
Your orc warrior misses the iguana.
The iguana closely misses you.
The orc wizard mumbles some strange words.
The orc wizard flickers and vanishes for a moment.
You hit the iguana but do no damage.
The iguana is severely wounded.
You block the iguana's attack.
Your orc warrior hits the iguana with a +0 battleaxe!
The iguana dies!
There is a stone staircase leading up, spattered with blood here.
Found a stone staircase leading down.
The orc wizard points at you and mumbles some strange words.
The puff of flame hits your orc warrior.
What are your orders? t - Shout!
Orders for allies: a - Attack new target. p - Attack previous target. r - Retreat! s - Stop attacking. g - Guard the area. f - Follow me.
Anything else - Cancel.
Okay, then.
Unknown command.
The white imp shouts, "Give up, thou reeling-ripe hedge-born quarter-pint!"
The electric eel shoots out a bolt of lightning at you!
The bolt of electricity hits you!
You die...

~~.~~~≈P~~~....###
~~≈≈≈≈≈≈≈≈5.~~≈≈≈# ≈≈
~~~P~P≈≈S≈≈≈≈≈≈S≈≈
P~~..~~~~~PP~≈≈≈≈≈≈≈
~.......~~P~.~~.~######
...#>......?.........###
###...###...?F....##....#
.......##.######.<#..#..#
.......##.# #@##.#..##
>.........# ##.#.....#
#......###### #..#(#.#.#
#####.......###..#...#.#
#######..##....###.#
##......$# #.# ###.....#
#o# ####..o...# .#
##......####


You could see an electric eel, a white imp and a friendly orc warrior (charmed).

Vanquished Creatures
  2 black bears (D:5)
  An ogre (D:5)
  A phantom (D:4)
  A bullfrog (D:5)
  2 scorpions
  A necrophage (D:4)
  3 hounds
  2 jellies
  2 iguanas (D:5)
  Natasha (twice) (D:4)
  5 orc wizards (D:4)
  Terence (D:2)
  Robin (D:2)
  5 adders
  A white imp (D:5)
  3 worms
  3 dart slugs
  10 orcs
  9 ball pythons
  6 endoplasms
  2 giant cockroaches
  13 hobgoblins
  4 quokkas
  6 bats
  3 frilled lizards
  22 goblins
  8 kobolds
  5 rats
124 creatures vanquished.

Vanquished Creatures (collateral kills)
  An orc priest (D:6)
  An iguana (D:6)
  An orc wizard (D:4)
  2 adders (D:6)
  An orc (D:6)
  2 goblins (D:2)
8 creatures vanquished.

Vanquished Creatures (others)
  A goblin (D:2)
  A hobgoblin (D:2)
  5 plants
7 creatures vanquished.

Grand Total: 139 creatures vanquished

Notes
Turn   | Place    | Note
-------+----------+-------------------------------------------
     0 | D:1      | Pilot the Spriggan Artificer began the quest for the Orb.
     0 | D:1      | Reached XP level 1. HP: 9/9 MP: 2/2
   314 | D:1      | Reached skill level 1 in Fighting
   351 | D:1      | Found a faded altar of an unknown god.
   392 | D:1      | Reached XP level 2. HP: 13/14 MP: 3/3
  1300 | D:2      | Reached XP level 3. HP: 17/18 MP: 5/5
  1327 | D:2      | Reached skill level 1 in Spellcasting
  1488 | D:2      | Noticed Terence
  1540 | D:2      | Killed Terence
  1593 | D:2      | Reached skill level 1 in Short Blades
  1593 | D:2      | Reached XP level 4. HP: 8/22 MP: 6/6
  1756 | D:2      | Noticed Robin
  1782 | D:2      | Killed Robin
  1785 | D:2      | Reached skill level 1 in Throwing
  2448 | D:3      | Found a broken altar of Ashenzari.
  2780 | D:4      | Reached XP level 5. HP: 23/26 MP: 8/8
  2798 | D:4      | Reached skill level 5 in Evocations
  3009 | D:4      | Noticed Natasha
  3159 | D:4      | Noticed a phantom
  3181 | D:4      | Killed a phantom
  3182 | D:4      | Reached XP level 6. HP: 25/30 MP: 10/10
  3358 | D:4      | Killed Natasha
  3566 | D:4      | Reached XP level 7. HP: 31/35 MP: 12/12
  3578 | D:4      | Noticed Natasha
  3587 | D:4      | Killed Natasha
  3588 | D:4      | Reached skill level 5 in Dodging
  3681 | D:4      | Found a basalt altar of Yredelemnul.
  3837 | D:5      | Entered Level 5 of the Dungeon
  3943 | D:5      | Reached skill level 5 in Stealth
  4708 | D:5      | Found a burning altar of Makhleb.
  4708 | D:5      | Found a radiant altar of Vehumet.
  4709 | D:5      | Found a glowing golden altar of the Shining One.
  4752 | D:5      | Found a blossoming altar of Fedhas.
  5057 | D:5      | Reached XP level 8. HP: 26/40 MP: 14/14
  5274 | D:6      | Noticed Prince Ribbit
  5497 | D:6      | Killed from afar by an electric eel

Illustrated notes

Levels and vault maps discovered:
D:1:      mainiacjoe_arrival_reflecting_pool, layout_basic,
          shapermc_ecumenical_altar_acropolis, minmay_tiny_reverse_x
D:2:      layout_loops_ring, kennysheep_generic_room_10, uniq_robin,
          uniq_terence
D:3:      layout_rooms, mainiacjoe_overflow_alcove_1
D:4:      layout_cave_pools, amcnicky_altar_gilded, minmay_unequal, uniq_natasha
D:5:      layout_basic, gammafunk_temple_overflow_claw, fedhas_altar_2,
          minmay_ogre_servants
D:6:      layout_rooms, minmay_temple_entry_gardened_gates,
          ebering_ghost_rock_garden, chequers_big_river, grunt_ministairs_2,
          uniq_prince_ribbit1

Skill      XL: |  1  2  3  4  5  6  7  8 |
---------------+-------------------------+-----
Fighting       | 1 2 3 |  3.2
Stealth        | 2 3 4 6 |  6.8
Spellcasting   | 1 2 3 4 |  4.1
Short Blades   | 1 2 3 |  3.7
Throwing       | 1 2 3 |  3.2
Dodging        | 4 5 |  5.1
Evocations     | 5 6 |  6.5

Action                   |  1- 3 |  4- 6 |  7- 9 || total
-------------------------+-------+-------+-------++-------
Melee: Club              |    18 |       |       ||    18
       Short sword       |    81 |   137 |   103 ||   321
       Punch             |       |     1 |     2 ||     3
Throw: Dart              |     7 |    14 |    18 ||    39
       Stone             |       |     8 |    20 ||    28
Evoke: Wand              |     2 |    10 |     8 ||    20
  Use: Scroll            |       |     3 |       ||     3
 Stab: Sleeping          |     5 |     4 |     1 ||    10
       Confused          |       |     1 |       ||     1
Armor: Robe              |    14 |    16 |    10 ||    40
Dodge: Dodged            |    77 |    73 |    78 ||   228
Block: Other             |     6 |    20 |    16 ||    42
       Reflection        |     1 |       |       ||     1

Table legend: (Time is in decaauts)
 A = Elapsed time spent in this place.
 B = Non-inter-level travel time spent in this place.
 C = Inter-level travel time spent in this place.
 D = Time resting spent in this place.
 E = Time spent auto-exploring this place.
 F = Levels seen in this place.
 G = Mean time per level.
                   A        B        C        D        E       F      G
               +--------+--------+--------+--------+--------+-----+--------+
         Total |   4147 |   3673 |    474 |      0 |   2408 |   6 |  691.2 |
       Dungeon |   4147 |   3673 |    474 |      0 |   2408 |   6 |  691.2 |
               +--------+--------+--------+--------+--------+-----+--------+

Top non-repeatable levels by time:
     D:5: 1199 daAuts
     D:2: 983 daAuts
     D:4: 813 daAuts
     D:1: 707 daAuts
     D:3: 389 daAuts
     D:6: 54 daAuts
